 Dungeon Crawl Stone Soup version 0.26-a0-1164-g1a551d6a14 (webtiles) character file.

Game seed: 8212421600561701225

352 HoaS the Cudgeller (level 6, -2/37 HPs)
             Began as a Gargoyle Fighter on Dec 23, 2020.
             Killed from afar by Ijyb (16 damage)
             ... with a bolt of acid
             ... on level 3 of the Dungeon.
             The game lasted 00:05:52 (1760 turns).

HoaS the Cudgeller (Gargoyle Fighter)               Turns: 1760, Time: 00:05:53

Health: -2/37      AC: 14    Str: 22    XL:     6   Next: 61%
Magic:  6/6        EV:  7    Int:  8    God:
Gold:   159        SH: 10    Dex:  9    Spells: 5/5 levels left

rFire    . . .     SeeInvis .   q - +2 flail (vorpal)
rCold    . . .     Faith    .   c - +0 kite shield
rNeg     + + .     Spirit   .   b - +0 scale mail
rPois    ∞         Reflect  .   l - +2 helmet
rElec    +         Harm     .   (no cloak)
rCorr    .         Rampage  .   (no gloves)
Will     .....                  (no boots)
Stlth    ..........             (no amulet)
HPRegen  0.12/turn              n - ring of positive energy
MPRegen  0.10/turn              (no ring)

@: no status effects
A: negative energy resistance 1, electricity resistance, unbreathing,
petrification resistance, miasma immunity, AC +4
a: no special abilities


You were on level 3 of the Dungeon.
You visited 1 branch of the dungeon, and saw 3 of its levels.

You collected 159 gold pieces.

Inventory:

Hand Weapons
 q - a +2 vorpal flail (weapon)
Armour
 b - a +0 scale mail (worn)
 c - a +0 kite shield (worn)
 l - a +2 helmet (worn)
Jewellery
 k - an uncursed ring of ice
 n - a ring of positive energy (left hand)
Scrolls
 e - a scroll of identify
 f - a scroll of magic mapping
 i - 2 scrolls of remove curse
 o - a scroll of teleportation
Potions
 d - a potion of might
 h - a potion of heal wounds
 j - a potion of attraction
 m - 2 potions of curing {unknown}
 p - a potion of cancellation {unknown}


   Skills:
 - Level 3.2 Fighting
 * Level 5.6 Maces & Flails
 - Level 3.2 Armour
 + Level 5.2 Shields


You had 5 spell levels left.
You didn't know any spells.
Your spell library was empty.

Dungeon Overview and Level Annotations

Branches:
Dungeon (3/15)

Altars:

Annotations:
D:3 Ijyb


Innate Abilities, Weirdness & Mutations

You are resistant to torment.
Your stone body is resilient. (AC +4)
You are immune to poison.
You resist negative energy. (rN+)
You are resistant to electric shocks. (rElec)
You can survive without breathing.
You are immune to petrification.
You are immune to miasma.


Message History

a +0 whip; a gnoll corpse
There is a stone staircase leading down here.
Your extra speed is starting to run out.
You climb downwards.
Level annotation: Ijyb
There is a stone staircase leading up here.
The gnoll hits you from afar with a +0 halberd!
You are too injured to fight recklessly!
You are too injured to fight recklessly!
You are too injured to fight recklessly!
You are too injured to fight recklessly!
You thump the gnoll!
You kill the gnoll!
Things that are here:
a +0 halberd; a gnoll corpse You feel yourself slow down.
You start resting.
Ijyb is nearby!
Ijyb zaps a wand.
The bolt of acid hits you!
You die...

#....g5g.###...#.
#.####'#...#.#...
#. #.###.#.#...#
#. ##.###.......#
#.g(.....#
#........#
#........#
#........#
#...@..<.#
#........#
#...)....#
##########


You could see Ijyb.

Vanquished Creatures
  Grinder (D:2)
  An orc priest (D:3)
  4 gnolls
  4 adders
  An ooze (D:1)
  A worm (D:2)
  2 dart slugs (D:1)
  2 leopard geckos (D:1)
  2 orcs (D:3)
  4 giant cockroaches (D:2)
  2 goblins (D:1)
  4 hobgoblins
  4 quokkas
  2 ball pythons
  8 bats
  A frilled lizard (D:2)
  2 kobolds (D:1)
  5 rats
50 creatures vanquished.

Notes
Turn   | Place    | Note
-------+----------+-------------------------------------------
     0 | D:1      | HoaS the Gargoyle Fighter began the quest for the Orb.
     0 | D:1      | Reached XP level 1. HP: 14/14 MP: 1/1
   332 | D:1      | Reached XP level 2. HP: 19/19 MP: 2/2
   611 | D:1      | Reached XP level 3. HP: 22/23 MP: 3/3
  1003 | D:2      | Reached XP level 4. HP: 26/28 MP: 4/4
  1370 | D:3      | Reached XP level 5. HP: 23/32 MP: 5/5
  1501 | D:3      | Noticed Grinder
  1507 | D:3      | Noticed Ijyb
  1714 | D:2      | Paralysed by Grinder for 5 turns
  1725 | D:2      | HP: 1/32 [Grinder (1)]
  1727 | D:2      | Paralysed by Grinder for 4 turns
  1737 | D:2      | Killed Grinder
  1738 | D:2      | Reached skill level 5 in Maces & Flails
  1738 | D:2      | Reached skill level 5 in Shields
  1738 | D:2      | Reached XP level 6. HP: 19/37 MP: 6/6
  1760 | D:3      | Killed from afar by Ijyb

Illustrated notes

Levels and vault maps discovered:
D:1:      saegor_arrival_simple_c, layout_loops_corners, st_stairs_2,
          nrook_campfire
D:2:      layout_basic
D:3:      layout_basic, kennysheep_ying_yang, uniq_ijyb, uniq_grinder

Skill      XL: |  1  2  3  4  5 |
---------------+----------------+-----
Maces & Flails | 3 4 5 |  5.6
Shields        | 4 5 |  5.2
Fighting       | |  3.2
Armour         | |  3.2

Action                   |  1- 3 |  4- 6 || total
-------------------------+-------+-------++-------
Melee: Flail             |   110 |   104 ||   214
  Use: Scroll            |     8 |     5 ||    13
       Potion            |       |     2 ||     2
Armor: Scale mail        |    65 |    76 ||   141
Dodge: Dodged            |    48 |    54 ||   102
Block: Kite shield       |    77 |    94 ||   171

Table legend: (Time is in decaauts)
 A = Elapsed time spent in this place.
 B = Non-inter-level travel time spent in this place.
 C = Inter-level travel time spent in this place.
 D = Time resting spent in this place.
 E = Time spent auto-exploring this place.
 F = Levels seen in this place.
 G = Mean time per level.
                   A        B        C        D        E       F      G
               +--------+--------+--------+--------+--------+-----+--------+
         Total |   1818 |   1786 |     32 |    118 |   1102 |   3 |  606.0 |
       Dungeon |   1818 |   1786 |     32 |    118 |   1102 |   3 |  606.0 |
               +--------+--------+--------+--------+--------+-----+--------+

Top non-repeatable levels by time:
     D:1: 836 daAuts
     D:2: 666 daAuts
     D:3: 315 daAuts
